 Dungeon Crawl Stone Soup version 0.18-a0-19-g8b99b3a (webtiles) character file.

53 Raultor the Conjurer (level 3, -5/19 HPs)
             Began as a Deep Elf Conjurer on Nov 1, 2015.
             Killed from afar by Sigmund (7 damage)
             ... with a puff of flame
             ... on level 2 of the Dungeon.
             The game lasted 00:04:37 (1305 turns).

Raultor the Conjurer (Deep Elf Conjurer)            Turns: 1305, Time: 00:04:37

Health: -5/19      AC:  2    Str:  5    XL:     3   Next: 64%
Magic:  10/10      EV: 13    Int: 20    God:
Gold:   84         SH:  0    Dex: 15    Spells: 2 memorised, 6 levels left

rFire  . . .     SeeInvis .     (no weapon)
rCold  . . .     Clarity  .     a - +0 robe
rNeg   . . .     SustAt   .     (no shield)
rPois  .         Gourm    .     (no helmet)
rElec  .         Spirit   .     (no cloak)
rCorr  .         Warding  .     (no gloves)
rMut   .         Stasis   .     (no boots)
MR     .....                    (no amulet)
Stlth  +.........               (no ring)
                                (no ring)

@: confused, not resistant to hostile enchantments, very unstealthy
A: no striking features
a: no special abilities


You were on level 2 of the Dungeon.
You were not hungry.

You visited 1 branch of the dungeon, and saw 2 of its levels.

You collected 84 gold pieces.

Inventory:

Armour
 a - a +0 robe (worn)
Jewellery
 j - an uncursed ring of ice {unknown}
Scrolls
 l - a scroll of identify {unknown}
 n - a scroll of remove curse {unknown}
Potions
 d - a potion of might {unknown}
 e - 2 potions of invisibility {unknown}
 h - 2 potions of heal wounds {unknown}
 i - 2 potions of curing {unknown}
 m - a potion of flight {unknown}
Books
 b - a book of Conjurations

   Spells                             Type                      Level
   a - Magic Dart                     Conjuration                  1
   b - Searing Ray                    Conjuration                  2
   c - Dazzling Spray                 Conjuration/Hexes            3
   d - Fulminant Prism                Conjuration/Hexes            4
   e - Iskenderun's Mystic Blast      Conjuration                  4
   f - Iskenderun's Battlesphere      Conjuration/Charms           5
Comestibles
 c - 2 bread rations
 f - 4 fruits
 g - a slice of pizza
 k - 2 meat rations
 o - 2 chunks of flesh


   Skills:
 - Level 2.4 Dodging
 - Level 2.4 Stealth
 - Level 3.5 Spellcasting
 + Level 5.6 Conjurations


You had 6 spell levels left.
You knew the following spells:

 Your Spells              Type           Power        Failure   Level  Hunger
a - Magic Dart            Conj           ####         1%          1    None
b - Searing Ray           Conj           ####..       1%          2    ##.....


Dungeon Overview and Level Annotations

Branches:
Dungeon (2/15)

Altars:

Annotations:
D:2 Sigmund


Message History

The magic dart hits you!
A magic dart appears from out of thin air!
The magic dart hits you!
* * * LOW HITPOINT WARNING * * *
You see here a giant gecko corpse.
You are confused.
You bump into the rock wall.
A puff of flame appears from out of thin air!
The puff of flame misses you.
You bump into the rock wall.
You bump into the rock wall.
You feel less confused.
You hear some strange, mumbled words.
You are confused.
You bump into the rock wall.
You bump into the rock wall.
Sigmund appears from thin air!
Reactivating autopickup.
Sigmund casts a spell at you. The puff of flame hits you!
You die...

#.# #######.# #.# #
#.#
#.......###.######
#.#
#.#####...........
#.# #.# #.###.######
#.# #.# #.# #.# #
#.#### #.# #.# #.# #
#.†..# #.# #.# #.# #
####.####.#####.###.#
#
##.....@.@..........#
#
#..#.####.#####.#####
########.##.# #.# #.#
.........##.# #.#
###.### #####
###########.# #.#
#.....# #.).. #.# #.#
#.###.####.### #.#
#.# #.# #......# #.#
#.# #.###.###### #..
#.....#


You could see Sigmund.

Vanquished Creatures
  An adder (D:2)
  5 giant geckos (D:2)
  2 giant cockroaches
  3 goblins
  2 hobgoblins
  5 jackals
  A ball python (D:2)
  7 bats
  4 giant newts
  5 kobolds
  3 rats
38 creatures vanquished.

Notes
Turn   | Place    | Note
--------------------------------------------------------------
     0 | D:1      | Raultor the Deep Elf Conjurer began the quest for the Orb.
     0 | D:1      | Reached XP level 1. HP: 10/10 MP: 6/6
   134 | D:1      | Reached XP level 2. HP: 15/15 MP: 2/8
   259 | D:1      | Reached skill level 5 in Conjurations
   330 | D:1      | Learned a level 2 spell: Searing Ray
   856 | D:2      | Reached XP level 3. HP: 19/19 MP: 8/10
  1266 | D:2      | Noticed Sigmund
  1271 | D:2      | Found a faded altar to an unknown god.
  1305 | D:2      | Killed from afar by Sigmund

Vault maps used:
D:1:      lightli_arrival_flooded_house
D:2:      ecumenical_altar_2, first_bread, uniq_sigmund

Action                   || total
-------------------------++-------
Melee: Unarmed           ||     4
 Cast: Magic Dart        ||    73
  Eat: Chunk             ||     1
